 Dungeon Crawl Stone Soup version 0.16.0-11-gd45b091 (webtiles) character file.

974 dysrexia the Carver (level 8, -10/69 HPs)
             Began as a Tengu Berserker on Mar 17, 2015.
             Was an Elder of Trog.
             Mangled by an ogre
             ... wielding a +0 giant club
              (17 damage)
             ... on level 5 of the Dungeon.
             The game lasted 00:13:18 (3063 turns).

dysrexia the Carver (Tengu Berserker)               Turns: 3063, Time: 00:13:19

Health: -10/69     AC: 12    Str: 24    XL:     8   Next: 16%
Magic:  11/11      EV:  7    Int:  9    God:    Trog [****..]
Gold:   183        SH:  0    Dex: 15    Spells: 0 memorised, 7 levels left

rFire  + . .     SeeInvis .     a - +0 falchion
rCold  . . .     Clarity  .     v - +2 plate armour {rF+}
rNeg   . . .     SustAb   .     (no shield)
rPois  .         Gourm    .     (helmet restricted)
rElec  .         Spirit   .     (no cloak)
rCorr  .         Warding  .     (no gloves)
rMut   .         Stasis   .     (boots unavailable)
MR     .....                    (no amulet)
Stlth  ..........               (no ring)
                                h - +2 ring of intelligence

@: berserking, very quick, not resistant to hostile enchantments, extremely
unstealthy
A: able to fly, beak, talons 3
a: Fly, Burn Spellbooks, Berserk, Trog's Hand, Brothers in Arms, Renounce
Religion


You were on level 5 of the Dungeon.
You worshipped Trog.
Trog was greatly pleased with you.
You were hungry.

You visited 1 branch of the dungeon, and saw 5 of its levels.

You collected 183 gold pieces.

Inventory:

Hand weapons
 a - a +0 falchion (weapon)
Missiles
 d - 124 stones (quivered)
 l - 6 needles of sleeping
Armour
 b - a +0 animal skin
 g - a +0 leather armour
 j - a +0 ring mail
 v - a +2 plate armour of fire resistance (worn)
Jewellery
 h - a +2 ring of intelligence (left hand)
 y - a cursed ring of teleportation {unknown}
Magical devices
 n - a wand of polymorph (12)
Scrolls
 e - a scroll of magic mapping
 u - 4 scrolls of identify
Potions
 f - a potion of lignification
 i - 2 potions of curing {unknown}
 m - a potion of might {unknown}
 q - 2 potions of haste
 r - 3 potions of magic {unknown}
 s - a potion of restore abilities {unknown}
 t - a potion of agility {unknown}
Comestibles
 c - 4 bread rations
 k - 4 meat rations
 p - 3 fruits
 w - a royal jelly


   Skills:
 - Level 3.0 Fighting
 + Level 10.5 Long Blades
 - Level 2.1 Armour
 - Level 2.1 Dodging


You had 7 spell levels left.
You didn't know any spells.

Dungeon Overview and Level Annotations

Branches:
Dungeon (5/15)
 Temple: D:4-7

Altars:
Vehumet
Xom


Innate Abilities, Weirdness & Mutations

You can fly.
You have a beak for a mouth.
You have claws for feet.


Message History

The hound barks!
The ogre hits you with a giant club!!
Ouch! That really hurt!
You hit the ogre! You claw the ogre.
The ogre is moderately wounded.
You closely miss the ogre. You claw the ogre.
The ogre is moderately wounded.
The ogre hits you with a giant club!
* * * LOW HITPOINT WARNING * * *
You are too injured to fight recklessly!
Use which ability? (? or * to list)
A red film seems to cover your vision as you go berserk!
You feel yourself moving faster!
You feel mighty!
You feel somewhat more hungry. The hound bites you but does no damage.
The hound bites you.
* * * LOW HITPOINT WARNING * * *
You hit the hound. Your kick misses the hound. Your peck misses the hound.
The hound is lightly wounded.
The ogre hits you with a giant club!
You die...

+....#......#..
#....#<<.......
#....#####+#### #....#
#....## ########.....#
#......'.....#
#......#.....#
#....@.#.....#
#...Oh.#.....+
#......#...##..
#......#...# ...
#......#.... .^^
#............#....#.^_
#...#.#......+....
#............#
+...#.#......#


You could see an ogre and a hound.

Vanquished Creatures
  Pikel (D:4)
  A phantom (D:4)
  An ogre (D:4)
  The ghost of kae the Chiller, an average DsIE (D:3)
  2 hounds (D:4)
  An orc wizard (D:3)
  2 worker ants
  3 adders
  2 worms
  6 giant geckos
  An ooze (D:2)
  10 orcs
  8 bats
  7 hobgoblins
  3 quokkas
  3 ball pythons (D:3)
  5 giant cockroaches
  7 giant newts
  9 goblins
  4 jackals (D:1)
  5 kobolds
  26 rats
108 creatures vanquished.

Vanquished Creatures (others)
  2 giant newts (D:4)
2 creatures vanquished.

Grand Total: 110 creatures vanquished

Notes
Turn   | Place    | Note
--------------------------------------------------------------
     0 | D:1      | dysrexia, the Tengu Berserker, began the quest for the Orb.
     0 | D:1      | Reached XP level 1. HP: 14/14 MP: 1/1
   167 | D:1      | Reached XP level 2. HP: 10/19 MP: 3/3
   268 | D:1      | Reached skill level 4 in Long Blades
   405 | D:1      | Acquired Trog's second power
   531 | D:1      | Reached XP level 3. HP: 16/23 MP: 4/4
  1018 | D:2      | Reached skill level 5 in Long Blades
  1333 | D:2      | Reached XP level 4. HP: 28/28 MP: 5/5
  1482 | D:3      | Noticed kae's ghost (average DsIE)
  1488 | D:3      | Killed kae's ghost
  1488 | D:3      | Reached skill level 6 in Long Blades
  1488 | D:3      | Reached XP level 5. HP: 32/32 MP: 7/7
  1792 | D:3      | Found a radiant altar of Vehumet.
  1841 | D:3      | Reached skill level 7 in Long Blades
  2253 | D:4      | Reached XP level 6. HP: 30/37 MP: 8/8
  2255 | D:4      | Acquired Trog's third power
  2282 | D:4      | Noticed a phantom
  2299 | D:4      | Killed a phantom
  2414 | D:4      | Noticed an ogre
  2446 | D:4      | Killed an ogre
  2446 | D:4      | Reached skill level 8 in Long Blades
  2550 | D:4      | Noticed a slave
  2552 | D:4      | Noticed Pikel
  2554 | D:4      | Noticed a slave
  2573 | D:4      | Noticed a slave
  2573 | D:4      | Killed Pikel
  2573 | D:4      | Reached skill level 10 in Long Blades
  2573 | D:4      | Reached XP level 7. HP: 41/41 MP: 9/9
  2573 | D:4      | Reached XP level 8. HP: 46/46 MP: 11/11
  2576 | D:4      | Noticed a freed slave
  3000 | D:5      | Entered Level 5 of the Dungeon
  3035 | D:5      | Found a shimmering altar of Xom.
  3063 | D:5      | Mangled by an ogre

Action                   |  1- 3 |  4- 6 |  7- 9 || total
-------------------------+-------+-------+-------++-------
Melee: Falchion          |   117 |   114 |    41 ||   272
Invok: Berserk           |       |     2 |     1 ||     3
  Use: Scroll            |     1 |     1 |     1 ||     3
  Eat: Chunk             |     1 |     4 |     2 ||     7
       Beef jerky        |       |     1 |       ||     1
